 Dungeon Crawl Stone Soup version 0.21.1-1-g345015f (console) character file.

42 fly the Chiller (level 3, -1/21 HPs)
             Began as an Octopode Ice Elementalist on May 6, 2018.
             Slain by Natasha (9 damage)
             ... on level 2 of the Dungeon.
             The game lasted 00:02:34 (1339 turns).

fly the Chiller (Octopode Ice Elementalist)         Turns: 1339, Time: 00:02:34

Health: -1/21      AC:  1    Str:  7    XL:     3   Next: 54%
Magic:  3/6        EV: 13    Int: 18    God:
Gold:   44         SH:  0    Dex: 12    Spells: 2/6 levels left

rFire    . . .     SeeInvis .   a - +0 short sword (venom)
rCold    . . .     Gourm    .   (no shield)
rNeg     . . .     Faith    .   (helmet restricted)
rPois    .         Spirit   .   (no amulet)
rElec    .         Reflect  .   (no ring)
rCorr    .         Harm     .   (no ring)
MR       .....                  (no ring)
Stlth    +++.......             (no ring)
HPRegen  0.07/turn              (no ring)
MPRegen  0.10/turn              (no ring)
                                (no ring)
                                (no ring)

@: no status effects
A: almost no armour, stealthy swim, amphibious, 8 rings, constrict 8, camouflage
1, gelatinous body 1
a: no special abilities


You were on level 2 of the Dungeon.
You were not hungry.

You visited 1 branch of the dungeon, and saw 2 of its levels.

You collected 44 gold pieces.

Inventory:

Hand Weapons
 a - a +0 short sword of venom (weapon)
Scrolls
 c - a scroll of fear {unknown}
 e - a scroll of identify {unknown}
 h - a scroll of blinking {unknown}
Potions
 f - a potion of flight {unknown}
 g - 2 potions of degeneration {unknown}
 i - a potion of heal wounds {unknown}
 k - a potion of berserk rage {unknown}
Books
 d - a book of Frost

   Spells                             Type                      Level
   a - Freeze                         Ice                          1
   b - Throw Frost                    Conjuration/Ice              2
   c - Ozocubu's Armour               Charms/Ice                   3
   d - Throw Icicle                   Conjuration/Ice              4
   e - Summon Ice Beast               Ice/Summoning                4
Comestibles
 b - 3 rations


   Skills:
 - Level 2.0 Dodging
 - Level 2.6 Stealth
 - Level 2.0 Spellcasting
   Level 1.0 Conjurations
 + Level 4.4 Ice Magic


You had 2 spell levels left.
You knew the following spells:

 Your Spells              Type           Power        Failure   Level  Hunger
f - Ozocubu's Armour      Chrm/Ice       #.......     22%         3    ###....
z - Freeze                Ice            ###.         2%          1    #......


Dungeon Overview and Level Annotations

Branches:
Dungeon (2/15)

Altars:

Annotations:
D:2 Natasha


Innate Abilities, Weirdness & Mutations

You cannot wear most types of armour.
You are very stealthy in the water. (Stealth+)
You are amphibious.
You can wear up to eight rings at the same time.
You can use your tentacles to constrict eight enemies at once.
Your skin changes colour to match your surroundings (Stealth+).
Your rubbery body absorbs attacks. (AC +1, EV +1)


Message History

Natasha misses you.
Things that are here:
3 stones; a kobold corpse
Casting: Freeze
Confirm with . or Enter, or press ? or * to list all spells.
Aiming: Freeze
Press: ? - help, Shift-Dir - straight line, f - Natasha
Aim: Natasha You freeze Natasha.
Natasha is lightly wounded.
Natasha claws you. The white imp hits you. The white imp freezes you.
Casting: Freeze
Confirm with . or Enter, or press ? or * to list all spells.
Aiming: Freeze
Press: ? - help, Shift-Dir - straight line, f/p - Natasha
Aim: Natasha (lightly wounded)
You freeze Natasha.
Natasha is moderately wounded.
Natasha claws you!
You die...

####.##....)...##.
#.##.#.#######.
.........# #.
###....#.# #. ######
#..#.#.# #รท #$....
#....#.######.
#...$.##
#.............
#......#
###...........
#....h@###
#..#......).
#....5...#
#..########.
####.###!###..# #. #.
#......# ###.
##.###.####.# #...
#...........#### #.#.
#.######.......###.#.
#.#####.......
#.#####..##.##


You could see Natasha and a white imp.

Vanquished Creatures
  An adder (D:2)
  A dart slug (D:2)
  A leopard gecko (D:1)
  2 ball pythons
  4 bats
  A giant cockroach (D:2)
  7 goblins
  2 hobgoblins
  6 kobolds
  2 rats (D:2)
27 creatures vanquished.

Notes
Turn   | Place    | Note
-------+----------+-------------------------------------------
     0 | D:1      | fly the Octopode Ice Elementalist began the quest for the Orb.
     0 | D:1      | Reached XP level 1. HP: 11/11 MP: 3/3
   475 | D:1      | Reached XP level 2. HP: 9/17 MP: 1/5
  1000 | D:2      | Reached skill level 4 in Ice Magic
  1000 | D:2      | Reached XP level 3. HP: 13/21 MP: 3/6
  1007 | D:2      | Learned a level 3 spell: Ozocubu's Armour
  1332 | D:2      | Noticed Natasha
  1339 | D:2      | Slain by Natasha

Skill      XL: |  1  2 |
---------------+-------+-----
Ice Magic      | 4 |  4.4
Dodging        | |  2.0
Stealth        | |  2.6
Spellcasting   | |  2.0
Conjurations   | |  1.0

Action                   || total
-------------------------++-------
Melee: Unarmed           ||    10
       Constrict         ||     6
       Tentacles         ||     6
       Short sword       ||    17
 Cast: Freeze            ||    29
 Stab: Sleeping          ||     5
  Eat: Chunk             ||     2
Armor: Skin              ||     2
Dodge: Dodged            ||    24
